 Dungeon Crawl Stone Soup version 0.18-a0-1390-gc02854d (webtiles) character file.

113 Kidiri the Conjurer (level 4, -4/24 HPs)
             Began as a Deep Elf Conjurer on Feb 23, 2016.
             Slain by a centaur (7 damage)
             ... on level 3 of the Dungeon.
             The game lasted 00:11:07 (2737 turns).

Kidiri the Conjurer (Deep Elf Conjurer)             Turns: 2737, Time: 00:11:07

Health: -4/24      AC:  3    Str:  5    XL:     4   Next: 65%
Magic:  2/11       EV: 12    Int: 21    God:
Gold:   93         SH:  4    Dex: 15    Spells: 4 memorised, 0 levels left

rFire  . . .     SeeInvis .     k - +0 short sword
rCold  . . .     Gourm    .     d - +0 leather armour
rNeg   . . .     Faith    .     m - +0 buckler
rPois  .         Spirit   .     (no helmet)
rElec  .         Dismiss  .     (no cloak)
rCorr  .         Reflect  .     (no gloves)
SustAt .         Harm     .     (no boots)
MR     .....                    (no amulet)
Stlth  ++........               (no ring)
                                (no ring)

@: very slightly contaminated, not resistant to hostile enchantments, unstealthy
A: no striking features
a: no special abilities


You were on level 3 of the Dungeon.
You were not hungry.

You visited 1 branch of the dungeon, and saw 3 of its levels.

You collected 93 gold pieces.

Inventory:

Hand Weapons
 e - a +0 dagger
 k - a +0 short sword (weapon)
Armour
 d - a +0 leather armour (worn)
 m - a +0 buckler (worn)
 o - a +2 shield
Scrolls
 f - a scroll of enchant weapon {unknown}
 g - 5 scrolls of remove curse
 h - a scroll of random uselessness {unknown}
 i - 2 scrolls of fear {unknown}
 r - a scroll of teleportation {unknown}
 t - a scroll of enchant armour {unknown}
 v - a scroll of noise {unknown}
Potions
 a - a potion of heal wounds {unknown}
 n - a potion of lignification
 p - a potion of flight {unknown}
 u - a potion of might {unknown}
 w - a potion of haste {unknown}
Books
 b - a book of Conjurations

   Spells                             Type                      Level
   a - Magic Dart                     Conjuration                  1
   b - Searing Ray                    Conjuration                  2
   c - Dazzling Spray                 Conjuration/Hexes            3
   d - Fulminant Prism                Conjuration/Hexes            4
   e - Iskenderun's Mystic Blast      Conjuration                  4
   f - Iskenderun's Battlesphere      Conjuration/Charms           5
Comestibles
 c - 2 bread rations
 j - 4 fruits
 l - a beef jerky
 q - 3 chunks of flesh
 s - a meat ration


   Skills:
 + Level 0.8 Fighting
 + Level 0.8 Short Blades
 + Level 0.5 Armour
 * Level 3.4 Dodging
 + Level 2.9 Stealth
 * Level 0.5 Shields
 * Level 3.7 Spellcasting
 * Level 5.0 Conjurations
 + Level 0.3 Hexes


You couldn't memorise any spells.
You knew the following spells:

 Your Spells              Type           Power        Failure   Level  Hunger
a - Magic Dart            Conj           ###.         6%          1    None
b - Searing Ray           Conj           ###...       10%         2    ##.....
c - Dazzling Spray        Conj/Hex       ###.....     34%         3    ###....
d - Iskenderun's Mystic   Conj           ###.....     50%         4    ####...


Dungeon Overview and Level Annotations

Branches:
Dungeon (3/15)

Altars:
Ru


Message History

The centaur hits you but does no damage.
Unknown command.
You hit the centaur.
The centaur is moderately wounded.
The centaur hits you but does no damage.
Unknown command.
You hit the centaur but do no damage.
The centaur is moderately wounded.
The centaur hits you but does no damage.
The centaur barely misses you.
Unknown command.
You catch the helpless centaur completely off-guard!
You hit the centaur.
The centaur is heavily wounded.
Unknown command.
You hit the centaur but do no damage.
The centaur is heavily wounded.
Unknown command.
The centaur barely misses you. The centaur hits you!
You die...

#...# #..#..## #.###
#......## #.#
#........ #.#
####..... #.### #.....
########...######.....
#......#.#......#>....
#.(.c.......#.#.####
#.#@......#.#.#.# #
#.#.#...#.#.#...####
#.#.#.#.#.#.#..#....
#S#.#.#.#.#.#.##+###
#.#.#...#.#.#.......
#.#.......#.#.......
#...........#.......
...###............
.......<....####


You could see a centaur (blind).

Vanquished Creatures
  4 adders
  4 worms (D:2)
  2 giant geckos (D:2)
  An orc (D:3)
  A giant cockroach (D:2)
  10 goblins
  6 hobgoblins
  6 jackals
  6 kobolds
  2 quokkas (D:3)
  8 bats
  2 giant newts
  9 rats
61 creatures vanquished.

Notes
Turn   | Place    | Note
--------------------------------------------------------------
     0 | D:1      | Kidiri the Deep Elf Conjurer began the quest for the Orb.
     0 | D:1      | Reached XP level 1. HP: 10/10 MP: 6/6
   188 | D:1      | Reached XP level 2. HP: 12/15 MP: 5/8
   195 | D:1      | Learned a level 2 spell: Searing Ray
   754 | D:2      | Reached XP level 3. HP: 12/19 MP: 5/9
  1009 | D:2      | Learned a level 3 spell: Dazzling Spray
  1208 | D:2      | Found a sacrificial altar of Ru.
  1717 | D:2      | Reached XP level 4. HP: 24/24 MP: 7/11
  1723 | D:2      | Learned a level 4 spell: Iskenderun's Mystic Blast
  1937 | D:3      | Found a faded altar to an unknown god.
  2384 | D:3      | Reached skill level 5 in Conjurations
  2724 | D:3      | Noticed a centaur
  2737 | D:3      | Slain by a centaur

Vault maps used:
D:1:      tarquinn_simple_flora_water_f
D:2:      kennysheep_big_flooded_room, first_bread, hangedman_ru_absence
D:3:      ecumenical_altar_2, minmay_misc_feat_more_columns

Skill      XL: |  1  2  3  4 |
---------------+-------------+-----
Dodging        | 3 |  3.4
Conjurations   | 5 |  5.0
Fighting       | |  0.8
Short Blades   | |  0.8
Armour         | |  0.5
Stealth        | |  2.9
Shields        | |  0.5
Spellcasting   | |  3.7
Hexes          | |  0.3

Action                   |  1- 3 |  4- 6 || total
-------------------------+-------+-------++-------
Melee: Dagger            |     2 |       ||     2
       Short sword       |    13 |    17 ||    30
 Cast: Magic Dart        |    76 |    52 ||   128
       Dazzling Spray    |       |     2 ||     2
  Use: Scroll            |     3 |       ||     3
 Stab: Sleeping          |     3 |     2 ||     5
       Invisible         |       |     1 ||     1
  Eat: Chunk             |     2 |     4 ||     6
